 Dungeon Crawl Stone Soup version 0.28.0-53-g5a82cb258f (webtiles) character file.

Game seed: 17008640811783371070

787 Descartes the Ducker (level 7, 0/34 HPs)
             Began as a Felid Monk on June 28, 2022.
             Slain by a gnoll
             ... wielding a +0 spear
              (7 damage)
             ... on level 5 of the Dungeon.
             The game lasted 00:14:24 (10461 turns).

Descartes the Ducker (Felid Monk)                  Turns: 10461, Time: 00:14:25

Health: 0/34       AC:  2    Str:  7 (9)  XL:     7   Next: 56%
Magic:  0/8        EV: 21    Int: 10 (12) God:
Gold:   173        SH:  0    Dex: 16 (18) Spells: 6/6 levels left
                                        Lives:  0   Deaths: 2

rFire   . . .      SeeInvis +     - Unarmed
rCold   + . .      Faith    .   (shield unavailable)
rNeg    . . .      Spirit   +   (armour unavailable)
rPois   .          Reflect  .   (helmet unavailable)
rElec   .          Harm     .   (cloak unavailable)
rCorr   .          Rampage  .   (gloves unavailable)
Will    +....                   (boots unavailable)
Stlth   ++++......              d - amulet of guardian spirit
HPRegen 0.11/turn               i - ring of protection from cold
MPRegen 0.11/turn               (no ring)

@: quick
A: very small, claws 1, fangs 3, see invisible, speed 1, shaggy fur 2, stealthy
paws, no weapons or thrown items, no armour, multi-lived
a: no special abilities


You were on level 5 of the Dungeon.
You visited 1 branch of the dungeon, and saw 5 of its levels.

You collected 173 gold pieces.

Inventory:

Jewellery
 d - an amulet of guardian spirit (around neck)
 i - a ring of protection from cold (left paw)
Scrolls
 a - 2 scrolls of holy word
 b - 3 scrolls of teleportation
 g - a scroll of enchant armour
 h - a scroll of noise
Potions
 c - a potion of ambrosia {unknown}
 e - 2 potions of mutation {unknown}
 f - a potion of resistance {unknown}
 j - a potion of invisibility {unknown}
 k - a potion of cancellation {unknown}
 l - a potion of haste {unknown}
 m - a potion of degeneration
 n - a potion of might


   Skills:
 + Level 5.8 Fighting
 + Level 7.7 Dodging
 + Level 7.6 Stealth
 + Level 5.8 Unarmed Combat


You had 6 spell levels left.
You didn't know any spells.
Your spell library contained the following spells:

 Spells                   Type           Power      Damage    Failure   Level
 Magic Dart               Conj           0%         1d3       36%         1
 Call Imp                 Summ           0%         N/A       50%         2
 Mephitic Cloud           Conj/Pois/Air  0%         N/A       75%         3


Dungeon Overview and Level Annotations

Branches:
Dungeon (5/15)
 Temple: D:4-7

Altars:
Fedhas
Sif Muna

Shops:
D:1 :

Annotations:
D:2 1 runed translucent door, Crazy Yiuf


Innate Abilities, Weirdness & Mutations

You have sharp claws.
You have razor-sharp teeth.
You have supernaturally acute eyesight. (SInv)
You cover ground quickly. (Speed+)
You are covered in thick fur. (AC +2)
Your paws help you pounce on unaware monsters.
You are incapable of wielding weapons or throwing items.
You cannot wear armour.
You gain extra lives every three experience levels.


Message History

You are too injured to fight recklessly!
You are too injured to fight recklessly!
You are too injured to fight recklessly!
You are too injured to fight recklessly!
You are too injured to fight recklessly!
You are too injured to fight recklessly!
You are too injured to fight recklessly!
You are too injured to fight recklessly!
You are too injured to fight recklessly!
You are too injured to fight recklessly!
You are too injured to fight recklessly!
You are too injured to fight recklessly!
You are too injured to fight recklessly!
You are too injured to fight recklessly!
You are too injured to fight recklessly!
You are too injured to fight recklessly!
You are too injured to fight recklessly!
You are too injured to fight recklessly!
You are too injured to fight recklessly!
You are too injured to fight recklessly!
You are too injured to fight recklessly!
You are too injured to fight recklessly!
The gnoll misses you.
The gnoll hits you from afar with a +0 spear.
You barely miss the gnoll shaman.
You bite the gnoll shaman, but do no damage.
The gnoll shaman is almost dead.
The gnoll shaman mumbles some strange prayers to its god.
The gnoll shaman is healed somewhat.
The gnoll barely misses you.
You scratch the gnoll shaman but do no damage.
Your bite misses the gnoll shaman.
The gnoll shaman is heavily wounded.
The gnoll hits you from afar with a +0 spear!
* * * LOW HITPOINT WARNING * * *
The gnoll shaman closely misses you.
You closely miss the gnoll shaman.
You bite the gnoll shaman, but do no damage.
The gnoll shaman is heavily wounded.
The gnoll hits you from afar with a +0 spear!
You die...

##+#### #...... +# #......
.# #..(... #####)# #......
#..@gg# #...... #.#####
#...... #.# #......
#######.############......
..........................
########################.#
#.# #.# #..


You could see a gnoll shaman and a gnoll (fast).

Vanquished Creatures
  A water moccasin (D:5)
  A sky beast (D:3)
  A black bear (D:4)
  2 ogres
  A water moccasin zombie (D:5)
  A howler monkey (D:4)
  A jelly (D:4)
  5 hounds
  A bullfrog skeleton (D:4)
  2 gnoll shamans (D:4)
  3 orc wizards
  A hound skeleton (D:4)
  2 adders (D:3)
  22 gnolls
  3 worms
  3 dart slugs
  25 orcs
  5 ball pythons
  6 endoplasms
  4 giant cockroaches
  3 goblins
  3 hobgoblins
  15 jackals
  4 quokkas
  5 bats
  2 frilled lizards
  8 kobolds
  5 rats
135 creatures vanquished.

Vanquished Creatures (others)
  A fungus (D:4)
  2 plants (D:4)
3 creatures vanquished.

Grand Total: 138 creatures vanquished

Notes
Turn   | Place    | Note
-------+----------+-------------------------------------------
     0 | D:1      | Descartes the Felid Monk began the quest for the Orb.
     0 | D:1      | Reached XP level 1. HP: 10/10 MP: 2/2
   243 | D:1      | Found Ublazio's Book Shop.
   370 | D:1      | Found a faded altar of an unknown god.
   558 | D:1      | Reached XP level 2. HP: 7/14 MP: 3/3
  1929 | D:2      | Found a runed translucent door.
  1930 | D:2      | Noticed Crazy Yiuf
  1974 | D:2      | Reached XP level 3. HP: 17/17 MP: 4/4
  2573 | D:3      | Reached XP level 4. HP: 9/21 MP: 1/5
  2907 | D:3      | HP: 1/21 [orc wizard/magic dart (5)]
  3379 | D:3      | Noticed a sky beast
  3667 | D:3      | Reached skill level 5 in Dodging
  3850 | D:3      | Found a shimmering blue altar of Sif Muna.
  3850 | D:3      | Found a blossoming altar of Fedhas.
  4209 | D:3      | Reached XP level 5. HP: 6/25 MP: 2/6
  5127 | D:2      | Mangled by an iguana
  5128 | D:2      | Reached XP level 4. HP: -7/22 MP: 0/5
  5676 | D:4      | Reached XP level 5. HP: 19/25 MP: 2/6
  5768 | D:4      | Reached skill level 5 in Stealth
  6608 | D:4      | Gained mutation: You are covered in thick fur. (AC +2)
                  | [Felid growth]
  6608 | D:4      | Reached XP level 6. HP: 29/29 MP: 7/7
  7713 | D:3      | Killed a sky beast
  7714 | D:3      | Reached XP level 7. HP: 11/33 MP: 2/8
  8572 | D:4      | Reached skill level 5 in Unarmed Combat
  8577 | D:4      | Reached skill level 5 in Fighting
  9712 | D:4      | Slain by a gnoll shaman
  9713 | D:4      | Reached XP level 6. HP: -3/30 MP: 0/7
  9982 | D:5      | Entered Level 5 of the Dungeon
  9996 | D:5      | Reached XP level 7. HP: 23/33 MP: 5/8
 10461 | D:5      | Slain by a gnoll

Illustrated notes

Levels and vault maps discovered:
D:1:      lightli_iron_boxes, layout_rooms, serial_shops,
          nicolae_shop_advertising_works [nicolae_subvault_shop_adworks],
          shapermc_ecumenical_altar_mp_highgroup
D:2:      layout_basic, item_on_display_a, uniq_crazy_yiuf_cottage
D:3:      layout_basic, gammafunk_temple_overflow_elements
D:4:      lemuel_castle_with_subvaults [lemuel_castle_interior_carwin_2],
          layout_basic
D:5:      layout_basic, mainiacjoe_overflow_surrounded_room

Skill      XL: |  1  2  3  4  5  6  7 |
---------------+----------------------+-----
Stealth        | 3 4 5 7 |  7.6
Dodging        | 5 6 7 |  7.7
Unarmed Combat | 4 5 |  5.8
Fighting       | 4 5 |  5.8

Action                   |  1- 3 |  4- 6 |  7- 9 || total
-------------------------+-------+-------+-------++-------
Melee: Unarmed           |    92 |   332 |   138 ||   562
       Bite              |    10 |    36 |    23 ||    69
       Punch             |     4 |     9 |     7 ||    20
  Use: Scroll            |       |     3 |     1 ||     4
       Potion            |       |       |     2 ||     2
 Stab: Sleeping          |    12 |     7 |     4 ||    23
       Distracted        |       |     2 |       ||     2
Armor: Skin              |     2 |    21 |     2 ||    25
Dodge: Dodged            |    41 |   344 |   102 ||   487
